 Dungeon Crawl Stone Soup version 0.30-a0-777-ga9a30cbeda (webtiles) character file.

Game seed: 7546491397445027222

14 Esekla the Sneak (level 2, 16/16 HPs)
             Began as a Vine Stalker Delver on Feb 14, 2023.
             Quit the game on level 5 of the Dungeon.
             The game lasted 00:01:56 (167 turns).

Esekla the Sneak (Vine Stalker Delver)               Turns: 167, Time: 00:01:56

Health: 16/16      AC:  3    Str: 14    XL:     2   Next: 45%
Magic:  4/4        EV: 11    Int: 10    God:
Gold:   14         SH:  0    Dex: 15    Spells: 2/2 levels left

rFire   . . .      SeeInvis .    a - +0 falchion
rCold   . . .      Faith    .    (no shield)
rNeg    . . .      Spirit   +    b - +0 leather armour
rPois   .          Reflect  .    (no helmet)
rElec   .          Harm     .    (no cloak)
rCorr   .          Rampage  .    (no gloves)
Will    .....                    (no boots)
Stlth   +++                      (no amulet)
HPRegen 0.22/turn                (no ring)
MPRegen 0.09/turn                (no ring)

@: no status effects
A: fangs 2, magic shield, antimagic bite, no potion heal 2
a: no special abilities


You were on level 5 of the Dungeon.
You visited 1 branch of the dungeon, and saw 1 of its levels.

You collected 14 gold pieces.

Inventory:

Hand Weapons
 a - a +0 falchion (weapon)
Missiles
 h - 4 boomerangs (quivered)
Armour
 b - a +0 leather armour (worn)
Wands
 g - a wand of digging (2)
Scrolls
 c - a scroll of fog
Potions
 f - a potion of haste


   Skills:
 * Level 2.7 Fighting
 * Level 1.8 Long Blades
 + Level 1.6 Dodging
 + Level 6.4 Stealth
 * Level 0.6 Spellcasting


You had 2 spell levels left.
You didn't know any spells.
Your spell library was empty.

Dungeon Overview and Level Annotations

Branches:
Dungeon (5/15)
 Temple: D:4-7

Altars:
Dithmenos
Uskayaw
Xom


Innate Abilities, Weirdness & Mutations

You have extremely sharp teeth.
When hurt, damage is shared between your health and your magic reserves.
Your bite disrupts and absorbs the magic of your enemies.
Potions cannot restore your health.


Message History

The jackal misses you.
You hit the jackal. You bite the jackal, but do no damage.
The jackal is almost dead.
The jackal bites you. x2
You barely miss the jackal. You bite the jackal.
You kill the jackal!
As you read the scroll of fear, it crumbles to dust.
You assume a fearsome visage.
The scorpion looks frightened!
There is an open door, spattered with blood here.
Things that are here:
a jackal corpse; a jackal corpse; a jackal corpse An adder comes into view.
The adder hisses angrily.
You slash the adder! Your bite misses the adder.
The adder is severely wounded.
The adder closely misses you.
You miss the adder. You bite the adder. You drain its power.
The adder is almost dead.
The adder barely misses you. The adder bites you.
You are poisoned.
The adder poisons you!
You hit the adder.
You kill the adder!
You feel sick.
You have reached level 2!
You feel sick.
You see here an adder corpse.
You feel sick.
You feel sick.
You are no longer poisoned.
You start resting.
Magic restored.
You start resting.
HP restored.
Aiming: Dig
Press: ? - help, Shift-Dir - straight line The rock shatters into small pieces.
Found a shadowy altar of Dithmenos.
Found a whip.
Are you sure you want to abandon this character and quit the game? (Confirm with "yes".)

*,,,*,*#...###.# ######.#
**,*,*,*#>### #.###....#.#
,,,*,*,*#.# *..........#
****,*,*#.# **###....###
,,,,,*,,..# #....# ********###
##....# ####.##### ##...##
*#..@..#* ***#.......#
#......_...#************
#.##......)#,,,,,,,,,,,,
*********#,*##.....##************
,,,,,,,,,,,**##...##
*********,***,##### *****,* *,*
*,,,,,***,*


There were no monsters in sight!

Vanquished Creatures
  An adder (D:5)
  4 jackals (D:5)
5 creatures vanquished.

Notes
Turn   | Place    | Note
-------+----------+-------------------------------------------
     0 | D:5      | Esekla the Vine Stalker Delver began the quest for the Orb.
     0 | D:5      | Reached XP level 1. HP: 11/11 MP: 2/2
    50 | D:5      | Noticed a scorpion
    52 | D:5      | Found a hide-covered altar of Uskayaw.
    52 | D:5      | Found a shimmering altar of Xom.
    61 | D:5      | Noticed a gnoll sergeant
   102 | D:5      | Reached XP level 2. HP: 7/16 MP: 2/4
   163 | D:5      | Found a shadowy altar of Dithmenos.
   167 | D:5      | Quit the game

Illustrated notes

Levels and vault maps discovered:
D:5:      layout_basic, lemuel_round_altar, jmf_multi_god_temple

Action                     || total
---------------------------++-------
  Melee: Falchion          ||    19
         Bite              ||     3
  Evoke: Wand              ||     1
    Use: Scroll            ||     2
 Armour: Leather armour    ||     6
  Dodge: Dodged            ||    15

Table legend: (Time is in decaauts)
 A = Elapsed time spent in this place.
 B = Non-inter-level travel time spent in this place.
 C = Inter-level travel time spent in this place.
 D = Time resting spent in this place.
 E = Time spent auto-exploring this place.
 F = Levels seen in this place.
 G = Mean time per level.
                   A        B        C        D        E       F      G
               +--------+--------+--------+--------+--------+-----+--------+
         Total |    171 |    171 |      0 |     49 |      0 |   1 |  171.0 |
       Dungeon |    171 |    171 |      0 |     49 |      0 |   1 |  171.0 |
               +--------+--------+--------+--------+--------+-----+--------+

Top non-repeatable levels by time:
     D:5: 171 daAuts
